 Dungeon Crawl Stone Soup version 0.20.0-15-g7f486f2 (webtiles) character file.

9650 kuniqs the Cleaver (level 11, -9/95 HPs)
             Began as a Hill Orc Fighter on June 9, 2017.
             Was a High Priest of Okawaru.
             Mangled by a skeletal warrior
             ... wielding a +2 antimagic dire flail
             ... led by a skeletal warrior
              (21 damage)
             ... on level 10 of the Dungeon.
             The game lasted 00:13:20 (9121 turns).

kuniqs the Cleaver (Hill Orc Fighter)               Turns: 9121, Time: 00:13:20

Health: -9/95      AC: 13    Str: 20    XL:     11   Next: 49%
Magic:  0/16       EV: 10    Int: 16    God:    Okawaru [*****.]
Gold:   444        SH: 11    Dex: 13    Spells: 8/10 levels left

rFire    . . .     SeeInvis .   g - +10 war axe of Destiny {flame, *Contam rElec rC- Int+8}
rCold    . . .     Gourm    +   c - +0 shield
rNeg     . . .     Faith    .   M - +2 scale mail {rC+}
rPois    .         Spirit   .   (no helmet)
rElec    +         Reflect  .   (no cloak)
rCorr    .         Harm     .   a - +2 pair of gloves
MR       .....                  (no boots)
Stlth    ..........             F - amulet of the gourmand
Regen    0.3/turn               (no ring)
MPRegen  0.2/turn               (no ring)

@: drained
A: no striking features
a: Heroism, Finesse, Renounce Religion


You were on level 10 of the Dungeon.
You worshipped Okawaru.
Okawaru was extremely pleased with you.
You were very full.

You visited 2 branches of the dungeon, and saw 11 of its levels.

You collected 444 gold pieces.

Inventory:

Hand Weapons
 g - the +10 war axe of Destiny (weapon) {flame, *Contam rElec rC- Int+8}
   (You found it on level 4 of the Dungeon)

   It has been specially enchanted to burn those struck by it, causing extra
   injury to most foes and up to half again as much damage against particularly
   susceptible opponents.
   Big, fiery blades are also staple armaments of hydra-hunters.
   It affects your intelligence (+8).
   It makes you vulnerable to cold.
   It insulates you from electricity.
   It causes magical contamination when unequipped.
Missiles
 I - 6 tomahawks of returning (quivered)
Armour
 a - a +2 pair of gloves (worn)
 c - a +0 shield (worn)
 M - a +2 scale mail of cold resistance (worn)
Jewellery
 E - an uncursed ring of fire
 F - an amulet of the gourmand (around neck)
Wands
 v - a wand of paralysis (1/24)
Scrolls
 b - 3 scrolls of teleportation {unknown}
 i - 3 scrolls of remove curse {@r2}
 k - 2 scrolls of noise {unknown}
 l - 2 scrolls of enchant armour {unknown}
 p - 5 scrolls of identify {unknown}
 t - a scroll of magic mapping {unknown}
 y - a scroll of amnesia {unknown}
 z - 4 scrolls of enchant weapon {unknown}
 C - 3 scrolls of immolation {unknown}
 D - 2 scrolls of fog {unknown}
 G - a scroll of acquirement {unknown}
 J - a scroll of holy word {unknown}
 K - a scroll of fear {unknown}
Potions
 h - 2 potions of brilliance {unknown}
 j - 4 potions of curing {@q1}
 m - a potion of cancellation {unknown}
 n - a potion of ambrosia {unknown}
 q - 3 potions of haste
 r - a potion of resistance {unknown}
 s - 2 potions of might
 w - a potion of mutation {unknown}
 x - a potion of lignification {unknown}
 A - a potion of berserk rage {unknown}
 B - a potion of invisibility {unknown}
 H - 2 potions of flight {unknown}
 L - a potion of heal wounds {unknown}
Comestibles
 d - 8 bread rations
 e - 7 meat rations
 f - 8 fruits
 o - 4 royal jellies


   Skills:
 + Level 8.3(7.7) Fighting
 + Level 9.4(8.7) Axes
 + Level 5.4(4.8) Throwing
 + Level 8.0(7.4) Armour
 + Level 5.3(4.7) Dodging
 + Level 7.8(7.1) Shields
 + Level 7.6(7.0) Invocations
 + Level 5.2(4.6) Evocations


You had 8 spell levels left.
You knew the following spells:

 Your Spells              Type           Power        Failure   Level  Hunger
a - Passwall              Tmut/Erth      #.........   95%         2    ###....


Dungeon Overview and Level Annotations

Branches:
Dungeon (10/15)            Temple (1/1) D:4            Lair (0/6) D:10
    Orc: D:9-12

Altars:
Ashenzari
Cheibriados
Elyvilon
Gozag
Hepliaklqana
Kikubaaqudgha
Makhleb
Nemelex Xobeh
Okawaru
Qazlal
Ru
Sif Muna
Trog
Vehumet
Xom
Yredelemnul
Zin
The Shining One


Message History

The skeletal warrior is heavily damaged.
You block the skeletal warrior's attack.
You closely miss the skeletal warrior.
The skeletal warrior is heavily damaged.
The skeletal warrior hits you with an antimagic dire flail.
* * * LOW HITPOINT WARNING * * *
You feel your power leaking away.
You hit the skeletal warrior but do no damage.
The skeletal warrior is heavily damaged.
The skeletal warrior closely misses you.
You hit the skeletal warrior. You burn the skeletal warrior.
The skeletal warrior is severely damaged.
You block the skeletal warrior's attack.
You hit the skeletal warrior but do no damage.
The skeletal warrior is severely damaged.
The skeletal warrior hits you with an antimagic dire flail!
* * * LOW HITPOINT WARNING * * *
You feel your power leaking away.
The skeletal warrior hits you with an antimagic dire flail!!
You die...

#.......)..# #.# #....#
#......[...# #.#####.##..
#..........# #..........#
#....(.....#########..#.......#
#................)....##......#
#..(.....#####<######....#....#
#.(......# #.# #....##....
#........# #z# #..........
#........# #@# #....>....#
#........# #.# ##.........#
#........# #.# #.........##
#........#####.# #.....#...#
#..............# #.........#
#........#####.# #...........
#........# #.#####.#.....####
#........# #...........####.#
#........# #.########รท......#


You could see a skeletal warrior.

Vanquished Creatures
  3 two-headed ogres
  3 death yaks
  A skeletal warrior (D:10)
  Joseph (D:10)
  A vampire (D:10)
  Eustachio (D:5)
  Menkaure (D:5)
  A hungry ghost (D:8)
  A steam dragon (D:10)
  Edmund (D:6)
  2 water moccasins
  Duvessa (D:6)
  2 sky beasts
  An orc warrior (D:7)
  4 phantoms
  2 ice beasts (D:7)
  An eye of draining (D:10)
  3 ogres
  2 centaurs
  A crocodile (D:10)
  3 big kobolds
  4 bullfrogs
  Dowan (D:6)
  3 scorpions
  14 killer bees
  3 howler monkeys
  3 crimson imps
  A quasit (D:6)
  A jelly (D:5)
  4 hounds
  A bullfrog skeleton (D:4)
  2 orc priests
  2 centaur skeletons
  7 orc wizards
  5 worker ants
  3 killer bee zombies
  A hound skeleton (D:5)
  2 howler monkey skeletons
  14 adders
  3 gnolls (D:8)
  A river rat (D:10)
  3 shadow imps
  An ooze (D:4)
  An adder skeleton (D:4)
  3 worms
  3 dart slugs
  5 leopard geckos
  27 orcs
  A ball python (D:2)
  9 bats
  6 giant cockroaches
  10 hobgoblins
  13 jackals
  8 quokkas
  8 frilled lizards
  7 goblins
  42 kobolds
  A leopard gecko zombie (D:7)
  A quokka skeleton (D:9)
  A quokka zombie (D:7)
  8 rats
  3 plants (D:5)
272 creatures vanquished.

Vanquished Creatures (others)
  5 plants (D:5)
5 creatures vanquished.

Grand Total: 277 creatures vanquished

Notes
Turn   | Place    | Note
-------+----------+-------------------------------------------
     0 | D:1      | kuniqs the Hill Orc Fighter began the quest for the Orb.
     0 | D:1      | Reached XP level 1. HP: 19/19 MP: 1/1
    16 | D:1      | Reached XP level 2. HP: 22/27 MP: 2/2
   216 | D:1      | Reached skill level 3 in Axes
   277 | D:1      | Reached XP level 3. HP: 28/33 MP: 3/3
   763 | D:2      | Found a snail-covered altar of Cheibriados.
   770 | D:2      | Reached XP level 4. HP: 40/40 MP: 4/4
  1261 | D:2      | Reached skill level 1 in Dodging
  1410 | D:3      | Reached skill level 4 in Axes
  1430 | D:3      | Found a sacrificial altar of Ru.
  1456 | D:3      | Reached XP level 5. HP: 35/46 MP: 5/5
  1753 | D:3      | Found an opulent altar of Gozag.
  1964 | D:3      | Found a white marble altar of Elyvilon.
  1964 | D:3      | Found a faded altar of an unknown god.
  1969 | D:3      | Found a hazy altar of Hepliaklqana.
  1971 | D:3      | Found an ancient bone altar of Kikubaaqudgha.
  1972 | D:3      | Found a stormy altar of Qazlal.
  2369 | D:4      | Got a jewelled war axe
  2370 | D:4      | Identified the +10 war axe of Destiny {flame, *Contam rElec rC- Int+8} (You found it on level 4 of the Dungeon)
  2654 | D:4      | Reached XP level 6. HP: 44/53 MP: 6/6
  2780 | D:4      | Found a burning altar of Makhleb.
  2846 | D:4      | Found a staircase to the Ecumenical Temple.
  2886 | Temple   | Entered the Ecumenical Temple
  2989 | Temple   | Became a worshipper of Warmaster Okawaru
  3115 | D:5      | Entered Level 5 of the Dungeon
  3257 | D:5      | Noticed Menkaure
  3262 | D:5      | Killed Menkaure
  3262 | D:5      | Reached skill level 5 in Axes
  3262 | D:5      | Reached skill level 1 in Throwing
  3262 | D:5      | Reached skill level 1 in Invocations
  3262 | D:5      | Reached XP level 7. HP: 21/60 MP: 6/8
  3267 | D:5      | Reached skill level 1 in Evocations
  3346 | D:4      | HP: 3/60 [poisoned by a worker ant]
  3351 | D:4      | HP: 3/60 [poisoned by a worker ant]
  3357 | D:4      | HP: 3/60 [poisoned by a worker ant]
  3650 | D:5      | Reached skill level 5 in Fighting
  3650 | D:5      | Reached skill level 5 in Armour
  3908 | D:5      | Reached * piety under Okawaru
  3908 | D:5      | Reached skill level 5 in Shields
  4101 | D:5      | Reached XP level 8. HP: 68/68 MP: 9/9
  4198 | D:5      | Noticed Eustachio
  4221 | D:5      | Killed Eustachio
  4456 | D:6      | Noticed Edmund
  4462 | D:6      | Killed Edmund
  4520 | D:6      | Reached ** piety under Okawaru
  4566 | D:6      | Reached skill level 6 in Axes
  4639 | D:6      | Found a glowing silver altar of Zin.
  5025 | D:6      | Noticed Duvessa
  5026 | D:6      | Noticed Dowan
  5028 | D:6      | Killed Duvessa
  5034 | D:6      | Killed Dowan
  5034 | D:6      | Reached XP level 9. HP: 60/75 MP: 11/11
  5576 | D:7      | Reached *** piety under Okawaru
  5867 | D:8      | Reached skill level 7 in Axes
  5927 | D:8      | Noticed a two-headed ogre
  5943 | D:8      | Killed a two-headed ogre
  5943 | D:8      | Reached skill level 5 in Invocations
  6448 | D:8      | Reached XP level 10. HP: 84/84 MP: 13/13
  6854 | D:9      | Learned a level 2 spell: Passwall
  6992 | D:9      | Reached **** piety under Okawaru
  6992 | D:9      | Reached skill level 8 in Axes
  7383 | D:9      | Found a deep blue altar of Sif Muna.
  7511 | D:10     | Entered Level 10 of the Dungeon
  7608 | D:10     | Noticed a two-headed ogre
  7609 | D:10     | Noticed a two-headed ogre
  7639 | D:10     | Killed a two-headed ogre
  7645 | D:10     | Killed a two-headed ogre
  7645 | D:10     | Reached ***** piety under Okawaru
  7645 | D:10     | Received a gift from Okawaru
  7837 | D:10     | Noticed a death yak
  7841 | D:10     | Noticed a death yak
  7846 | D:10     | Noticed a death yak
  7849 | D:10     | Killed a death yak
  7849 | D:10     | Received a gift from Okawaru
  7849 | D:10     | Reached skill level 5 in Throwing
  7849 | D:10     | Reached skill level 5 in Dodging
  7849 | D:10     | Reached XP level 11. HP: 85/93 MP: 14/16
  7862 | D:10     | Killed a death yak
  7862 | D:10     | Received a gift from Okawaru
  7862 | D:10     | Reached skill level 9 in Axes
  7893 | D:9      | Killed a death yak
  7893 | D:9      | Received a gift from Okawaru
  7893 | D:9      | Reached skill level 5 in Evocations
  8238 | D:10     | Found a staircase to the Lair.
  8705 | D:10     | Noticed Joseph
  8718 | D:10     | Killed Joseph
  8718 | D:10     | Received a gift from Okawaru
  8780 | D:10     | Noticed a skeletal warrior
  8781 | D:10     | Noticed a skeletal warrior
  8807 | D:10     | Killed a skeletal warrior
  9121 | D:10     | Mangled by a skeletal warrior

Skill      XL: |  1  2  3  4  5  6  7  8  9 10 11 |
---------------+----------------------------------+-----
Axes           | 3 4 5 6 7 8 9 |  9.4
Fighting       | 4 5 6 7 8 |  8.3
Armour         | 4 5 6 7 8 |  8.0
Dodging        | 1 2 3 4 5 |  5.3
Shields        | 4 5 6 7 |  7.8
Throwing       | 1 2 3 5 |  5.4
Invocations    | 1 2 3 5 6 7 |  7.6
Evocations     | 1 2 3 4 5 |  5.2

Action                   |  1- 3 |  4- 6 |  7- 9 | 10-12 || total
-------------------------+-------+-------+-------+-------++-------
Melee: War axe           |   149 |   204 |   241 |   240 ||   834
Evoke: Wand              |       |       |     1 |     3 ||     4
  Use: Potion            |       |       |     1 |       ||     1
       Scroll            |       |       |     1 |       ||     1
  Eat: Chunk             |       |     8 |    24 |    14 ||    46
       Royal jelly       |       |       |       |     1 ||     1
Armor: Scale mail        |   100 |    78 |       |     3 ||   181
       Chain mail        |       |    15 |   118 |    87 ||   220
Dodge: Dodged            |    74 |    65 |    42 |    51 ||   232
Block: Shield            |   107 |    97 |   119 |   117 ||   440
